 Dungeon Crawl Stone Soup version 0.29-a0-559-g359e09b9d1 (webtiles) character file.

Game seed: 3800995589381274236

96 Ijustatesigmund the Ogre Mage (level 4, -1/45 HPs)
             Began as an Ogre Hedge Wizard on June 9, 2022.
             Slain by a gnoll
             ... wielding a +0 whip
              (2 damage)
             ... on level 3 of the Dungeon.
             The game lasted 00:03:49 (2683 turns).

Ijustatesigmund the Ogre Mage (Ogre Hedge Wizard)   Turns: 2683, Time: 00:03:50

Health: -1/45      AC:  3    Str: 14    XL:     4   Next: 67%
Magic:  8/9        EV:  9    Int: 17    God:
Gold:   119        SH:  0    Dex:  8    Spells: 7/10 levels left

rFire   . . .      SeeInvis .   a - +1 hand axe (elec)
rCold   . . .      Faith    .   (no shield)
rNeg    . . .      Spirit   .   b - +0 robe
rPois   .          Reflect  .   c - +0 hat
rElec   .          Harm     .   (no cloak)
rCorr   .          Rampage  .   (gloves unavailable)
Will    .....                   (boots unavailable)
Stlth   +.........              (no amulet)
HPRegen 0.15/turn               (no ring)
MPRegen 0.11/turn               (no ring)

@: no status effects
A: large, unfitting armour, tough skin 1
a: no special abilities


You were on level 3 of the Dungeon.
You visited 1 branch of the dungeon, and saw 3 of its levels.

You collected 119 gold pieces.

Inventory:

Hand Weapons
 a - a +1 hand axe of electrocution (weapon)
Missiles
 m - a throwing net
Armour
 b - a +0 robe (worn)
 c - a +0 hat (worn)
Scrolls
 i - 3 scrolls of identify {unknown}
 k - a scroll of teleportation {unknown}
Potions
 d - a potion of magic
 e - 2 potions of might {unknown}
 f - a potion of curing {unknown}
 g - a potion of berserk rage {unknown}
 h - 2 potions of lignification {unknown}
 j - a potion of heal wounds {unknown}
 l - a potion of haste


   Skills:
 + Level 3.0 Fighting
 + Level 1.6 Maces & Flails
 - Level 1.7 Dodging
 - Level 1.4 Stealth
 - Level 3.6 Spellcasting
 + Level 2.2 Conjurations
 - Level 0.8 Summonings
 + Level 1.2 Translocations


You had 7 spell levels left.
You knew the following spells:

 Your Spells              Type           Power      Damage    Failure   Level
a - Magic Dart            Conj           40%        1d5       6%          1
b - Blink                 Tloc           14%        N/A       14%         2

Your spell library contained the following spells:

 Spells                   Type           Power      Damage    Failure   Level
 Slow                     Hex            12%        N/A       17%         1
 Call Imp                 Summ           6%         N/A       17%         2
 Conjure Flame            Conj/Fire      6%         6-21      30%         3
 Mephitic Cloud           Conj/Pois/Air  5%         N/A       34%         3
 Confusing Touch          Hex            3%         N/A       45%         3
 Vampiric Draining        Necr           3%         2d6       45%         3


Dungeon Overview and Level Annotations

Branches:
Dungeon (3/15)

Altars:


Innate Abilities, Weirdness & Mutations

You are too large for most types of armour.
You have tough skin. (AC +1)


Message History

A gnoll comes into view. It is wielding a +0 flail.
A worm and a gnoll come into view.
The gnoll moves out of view.
A gnoll comes into view. It is wielding a +0 whip.
The gnoll hits you with a +0 flail.
You hit the gnoll.
The gnoll is heavily wounded.
The gnoll hits you with a +0 flail!
You barely miss the gnoll.
The gnoll is heavily wounded.
The gnoll barely misses you.
You hit the gnoll.
The gnoll is severely wounded.
You hit the worm.
The gnoll drinks a potion.
The gnoll seems to speed up.
The gnoll hits you with a +0 flail! The gnoll hits you with a +0 flail.
You are too injured to fight recklessly!
You are too injured to fight recklessly!
You are too injured to fight recklessly!
You are too injured to fight recklessly!
You are too injured to fight recklessly!
You are too injured to fight recklessly!
You are too injured to fight recklessly!
You are too injured to fight recklessly!
Unknown command.
The gnoll attacks as you move away! The gnoll hits you with a +0 flail!
* * * LOW HITPOINT WARNING * * *
The worm closely misses you. The gnoll hits you with a +0 whip.
* * * LOW HITPOINT WARNING * * *
Casting: Magic Dart (safe; 6% risk of failure)
Confirm with . or Enter, or press ? or * to list all spells.
Aiming: Magic Dart (safe; 6% risk of failure)
Press: ? - help, Shift-Dir - straight line, f - gnoll
Aim: a gnoll, wielding a +0 whip (fast, 100% to hit)
The magic dart hits the gnoll.
The gnoll is moderately wounded.
The gnoll hits you with a +0 whip!
* * * LOW HITPOINT WARNING * * *
The gnoll hits you with a +0 whip.
You die...

#.# #.. #.# #.# #.# #.# #
#.# #.# #.###.# #..
....#####.#
#.#######w.......#
#....#.@gg.......#
########.##.#.###........
#..)†)......#.# ######.##
#.#######.#...# #.#
#.##### #†# #.# #.# #.#
#.# #.# #.# #.#


You could see a worm and 2 gnolls.

Vanquished Creatures
  3 adders
  A worm (D:2)
  2 dart slugs
  An orc (D:3)
  6 endoplasms
  4 giant cockroaches
  8 goblins (D:2)
  4 hobgoblins (D:2)
  4 jackals
  A quokka (D:3)
  3 ball pythons (D:1)
  3 bats
  6 frilled lizards
  5 kobolds
  8 rats
  A spectral goblin (D:1)
60 creatures vanquished.

Notes
Turn   | Place    | Note
-------+----------+-------------------------------------------
     0 | D:1      | Ijustatesigmund the Ogre Hedge Wizard began the quest for
                  | the Orb.
     0 | D:1      | Reached XP level 1. HP: 16/16 MP: 5/5
    64 | D:1      | Reached skill level 1 in Conjurations
   112 | D:1      | Reached skill level 1 in Fighting
   408 | D:1      | Reached XP level 2. HP: 27/27 MP: 2/6
   735 | D:1      | Found a faded altar of an unknown god.
  1135 | D:2      | Reached XP level 3. HP: 35/35 MP: 8/8
  1158 | D:2      | Reached skill level 1 in Maces & Flails
  1651 | D:2      | Learned a level 2 spell: Blink
  1765 | D:2      | Reached XP level 4. HP: 44/44 MP: 2/9
  1913 | D:2      | Reached skill level 1 in Translocations
  2683 | D:3      | HP: 1/45 [gnoll/+0 whip (7)]
  2683 | D:3      | Slain by a gnoll

Illustrated notes

Levels and vault maps discovered:
D:1:      dpeg_arrival_ratfight, layout_rooms,
          dreamdust_ecumenical_altar_drowned_temple
D:2:      cheibrodos_greedy_goblins, layout_rooms, minmay_between
D:3:      layout_loops_ring

Skill      XL: |  1  2  3  4 |
---------------+-------------+-----
Conjurations   | 1 2 |  2.2
Fighting       | 1 2 3 |  3.0
Maces & Flails | 1 |  1.6
Translocations | 1 |  1.2
Dodging        | |  1.7
Stealth        | |  1.4
Spellcasting   | |  3.6
Summonings     | |  0.8

Action                   |  1- 3 |  4- 6 || total
-------------------------+-------+-------++-------
Melee: Dagger            |    29 |       ||    29
       Punch             |     1 |     1 ||     2
       Hand axe          |    42 |    41 ||    83
       Club              |    10 |       ||    10
 Cast: Magic Dart        |    63 |    13 ||    76
 Stab: Sleeping          |     2 |       ||     2
Armor: Robe              |    64 |    11 ||    75
Dodge: Dodged            |    56 |    21 ||    77

Table legend: (Time is in decaauts)
 A = Elapsed time spent in this place.
 B = Non-inter-level travel time spent in this place.
 C = Inter-level travel time spent in this place.
 D = Time resting spent in this place.
 E = Time spent auto-exploring this place.
 F = Levels seen in this place.
 G = Mean time per level.
                   A        B        C        D        E       F      G
               +--------+--------+--------+--------+--------+-----+--------+
         Total |   2715 |   2650 |     65 |    802 |   1424 |   3 |  905.0 |
       Dungeon |   2715 |   2650 |     65 |    802 |   1424 |   3 |  905.0 |
               +--------+--------+--------+--------+--------+-----+--------+

Top non-repeatable levels by time:
     D:2: 1244 daAuts
     D:1: 1221 daAuts
     D:3: 249 daAuts
